 Dungeon Crawl Stone Soup version 0.20.1-1-g8b1a95d (webtiles) character file.

2158 lorenzova the Thaumaturge (level 9, 0/45 HPs)
             Began as a Deep Elf Conjurer on Oct 19, 2017.
             Was a Follower of Sif Muna.
             Slain by a human
             ... wielding a +0 hand axe
              (1 damage)
             ... on level 7 of the Dungeon.
             The game lasted 00:13:24 (7625 turns).

lorenzova the Thaumaturge (Deep Elf Conjurer)       Turns: 7625, Time: 00:13:26

Health: 0/45       AC:  3    Str:  5    XL:     9   Next: 10%
Magic:  1/25       EV: 13    Int: 24    God:    Sif Muna [*.....]
Gold:   335        SH:  0    Dex: 15    Spells: 13/29 levels left

rFire    . . .     SeeInvis .   s - +2 short sword (venom)
rCold    + . .     Gourm    .   (no shield)
rNeg     . . .     Faith    .   a - +0 robe
rPois    .         Spirit   .   t - +1 hat
rElec    .         Reflect  .   (no cloak)
rCorr    .         Harm     .   (no gloves)
MR       .....                  (no boots)
Stlth    ++........             (no amulet)
Regen    0.2/turn               p - ring of protection from cold
MPRegen  0.2/turn               (no ring)

@: no status effects
A: no striking features
a: Divine Energy, Renounce Religion


You were on level 7 of the Dungeon.
You worshipped Sif Muna.
Sif Muna was aware of your devotion.
You were not hungry.

You visited 2 branches of the dungeon, and saw 8 of its levels.

You collected 335 gold pieces.

Inventory:

Hand Weapons
 s - a +2 short sword of venom (weapon)
 x - a +1 dagger of electrocution
Armour
 a - a +0 robe (worn)
 t - a +1 hat (worn)
 u - a +2 helmet
Jewellery
 p - a ring of protection from cold (left hand)
Wands
 l - a wand of random effects (15/48)
 G - a wand of lightning (4/15)
 I - a wand of enslavement (13/24)
Scrolls
 d - 2 scrolls of enchant weapon
 i - 2 scrolls of identify
 j - a scroll of fear {unknown}
 n - 2 scrolls of noise
 o - 2 scrolls of immolation {unknown}
 r - 2 scrolls of teleportation
 y - 6 scrolls of remove curse
 C - 2 scrolls of blinking {unknown}
 E - a scroll of magic mapping {unknown}
Potions
 e - 2 potions of mutation
 f - 2 potions of haste {unknown}
 k - a potion of resistance
 q - a potion of ambrosia
 v - 2 potions of heal wounds {unknown}
 w - 2 potions of curing {unknown}
 z - a potion of agility {unknown}
 A - 2 potions of flight {unknown}
 B - a potion of brilliance {unknown}
 H - a potion of might {unknown}
Books
 b - a book of Conjurations

   Spells                             Type                      Level
   a - Magic Dart                     Conjuration                  1
   b - Searing Ray                    Conjuration                  2
   c - Dazzling Spray                 Conjuration/Hexes            3
   d - Fulminant Prism                Conjuration/Hexes            4
   e - Force Lance                    Conjuration/Translocation    4
   f - Iskenderun's Mystic Blast      Conjuration                  4
 h - a book of Minor Magic

   Spells                             Type                      Level
   a - Magic Dart                     Conjuration                  1
   b - Blink                          Translocation                2
   c - Call Imp                       Summoning                    2
   d - Slow                           Hexes                        2
   e - Conjure Flame                  Conjuration/Fire             3
   f - Mephitic Cloud                 Conjuration/Poison/Air       3
 D - a book of Cantrips

   Spells                             Type                      Level
   a - Confusing Touch                Hexes                        1
   b - Animate Skeleton               Necromancy                   1
   c - Summon Small Mammal            Summoning                    1
   d - Apportation                    Translocation                1
Comestibles
 c - 7 bread rations
 g - 3 meat rations
 m - 4 royal jellies


   Skills:
 - Level 2.4 Dodging
 - Level 2.4 Stealth
 * Level 10.7 Spellcasting
 * Level 9.6 Conjurations
 + Level 5.8 Hexes


You had 13 spell levels left.
You knew the following spells:

 Your Spells              Type           Power        Failure   Level  Hunger
a - Magic Dart            Conj           ####         1%          1    None
b - Searing Ray           Conj           ######       1%          2    None
c - Iskenderun's Mystic   Conj           ######..     1%          4    None
d - Fulminant Prism       Conj/Hex       #####.....   1%          4    None
e - Conjure Flame         Conj/Fire      #####...     1%          3    None
q - Blink                 Tloc           N/A          8%          2    None


Dungeon Overview and Level Annotations

Branches:
Dungeon (7/15)             Temple (1/1) D:6

Altars:
Cheibriados
Dithmenos
Elyvilon
Fedhas
Gozag
Hepliaklqana
Kikubaaqudgha
Makhleb
Nemelex Xobeh
Okawaru
Qazlal
Ru
Sif Muna
Trog
Uskayaw
Xom
Yredelemnul
Zin
The Shining One

Shops:
D:7 %

Annotations:
D:4 Edmund


Message History

Aiming: Iskenderun's Mystic Blast
Press: ? - help, Shift-Dir - straight line, f - hog
Aim: a hog The orb of energy hits the hog.
The hog is heavily wounded.
The hog closely misses you. The human closely misses you. The hog bites you.
The hog barely misses you.
Casting: Iskenderun's Mystic Blast
Confirm with . or Enter, or press ? or * to list all spells.
Aiming: Iskenderun's Mystic Blast
Press: ? - help, Shift-Dir - straight line, f/p - hog
Aim: a hog (heavily wounded)
The orb of energy hits the hog.
The hog is almost dead.
The hog bites you.
* * * LOW HITPOINT WARNING * * *
The hog bites you!
* * * LOW HITPOINT WARNING * * *
The human hits you with a hand axe.
You die...

#.####...#........).....#.#
..#......####.....##.#..#.#
#.#.##.### ######......#.#
.......# #.#....#.# ..#..#.#
#.###..#.###### .>#...... #.#
#.........#
#.##.#(####.######.###...####.##
.....### ......h.h..##........#
###### .....#@#.###...######
.....#p#.###...#
................#
..#####'#.......# #..#####.#.#
..#..# #.#.# #..'..# #.#.#
#.h#.%# #.#.# #..#%%# #.#


You could see 2 hogs and a human.

Vanquished Creatures
  Sigmund (D:4)
  2 hogs (D:7)
  Menkaure (D:6)
  A water moccasin (D:6)
  An orc warrior (D:7)
  A sky beast (D:5)
  4 ogres
  6 killer bees (D:7)
  2 howler monkeys (D:7)
  A crimson imp (D:7)
  2 hounds (D:5)
  A bullfrog zombie (D:7)
  A jelly (D:7)
  2 orc priests
  An iguana (D:5)
  Natasha (thrice) (D:2)
  A worker ant (D:7)
  2 killer bee zombies (D:6)
  A worker ant zombie (D:5)
  3 gnolls (D:7)
  7 adders
  A shadow imp (D:7)
  2 worms
  A dart slug (D:4)
  4 leopard geckos
  31 orcs
  5 bats
  9 giant cockroaches
  6 goblins
  10 hobgoblins
  6 jackals
  3 quokkas
  A ball python (D:2)
  3 frilled lizards
  2 jackal skeletons
  6 kobolds
  A leopard gecko zombie (D:7)
  5 rats
140 creatures vanquished.

Vanquished Creatures (others)
  12 fulminant prisms
12 creatures vanquished.

Grand Total: 152 creatures vanquished

Notes
Turn   | Place    | Note
-------+----------+-------------------------------------------
     0 | D:1      | lorenzova the Deep Elf Conjurer began the quest for the Orb.
     0 | D:1      | Reached XP level 1. HP: 10/10 MP: 6/6
   308 | D:1      | Reached XP level 2. HP: 15/15 MP: 4/8
   312 | D:1      | Learned a level 2 spell: Searing Ray
   979 | D:2      | Reached skill level 5 in Conjurations
   983 | D:2      | Noticed Natasha
   987 | D:2      | Killed Natasha
   987 | D:2      | Reached skill level 4 in Spellcasting
   987 | D:2      | Reached XP level 3. HP: 19/19 MP: 3/10
  1010 | D:2      | Noticed Natasha
  1015 | D:2      | Killed Natasha
  1015 | D:2      | Reached XP level 4. HP: 10/24 MP: 1/12
  1234 | D:2      | Noticed Natasha
  1237 | D:2      | Killed Natasha
  1290 | D:2      | Found a white marble altar of Elyvilon.
  1395 | D:2      | Reached skill level 5 in Spellcasting
  1627 | D:2      | Found an ancient bone altar of Kikubaaqudgha.
  1728 | D:2      | Found a bloodstained altar of Trog.
  1809 | D:2      | Reached XP level 5. HP: 27/28 MP: 9/14
  2080 | D:3      | You fall through a shaft for 2 floors!
  2080 | D:5      | Entered Level 5 of the Dungeon
  2099 | D:5      | Learned a level 4 spell: Iskenderun's Mystic Blast
  2536 | D:4      | Found a blossoming altar of Fedhas.
  2857 | D:4      | Reached skill level 6 in Spellcasting
  2875 | D:4      | Found a shadowy altar of Dithmenos.
  3045 | D:4      | Noticed an ogre
  3048 | D:4      | Killed an ogre
  3048 | D:4      | Reached XP level 6. HP: 32/32 MP: 6/17
  3054 | D:4      | Learned a level 4 spell: Fulminant Prism
  3132 | D:4      | Noticed Sigmund
  3137 | D:4      | Noticed Edmund
  3780 | D:4      | Reached skill level 7 in Spellcasting
  3780 | D:4      | Reached skill level 1 in Hexes
  3875 | D:4      | Killed Sigmund
  3875 | D:4      | Reached XP level 7. HP: 36/36 MP: 15/20
  4076 | D:5      | Reached skill level 8 in Spellcasting
  4332 | D:5      | Found a sparkling altar of Nemelex Xobeh.
  5055 | D:5      | Learned a level 3 spell: Conjure Flame
  5058 | D:5      | Learned a level 2 spell: Blink
  5355 | D:6      | Reached XP level 8. HP: 41/41 MP: 12/22
  5367 | D:6      | Noticed Menkaure
  5370 | D:6      | Killed Menkaure
  5370 | D:6      | Reached skill level 9 in Spellcasting
  5578 | D:6      | Found a staircase to the Ecumenical Temple.
  5601 | Temple   | Entered the Ecumenical Temple
  5865 | Temple   | Became a worshipper of Sif Muna the Loreminder
  6785 | D:7      | Found Jodaango's Food Boutique.
  6960 | D:7      | Found a snail-covered altar of Cheibriados.
  7283 | D:7      | Reached skill level 10 in Spellcasting
  7284 | D:7      | Reached * piety under Sif Muna
  7284 | D:7      | Reached skill level 5 in Hexes
  7619 | D:7      | Reached XP level 9. HP: 35/45 MP: 13/25
  7625 | D:7      | HP: 1/45 [hog (7)]
  7625 | D:7      | Slain by a human

Skill      XL: |  1  2  3  4  5  6  7  8 |
---------------+-------------------------+-----
Conjurations   | 5 6 7 8 9 |  9.6
Spellcasting   | 4 5 6 7 8 10 | 10.7
Hexes          | 2 3 5 |  5.8
Dodging        | |  2.4
Stealth        | |  2.4

Action                   |  1- 3 |  4- 6 |  7- 9 || total
-------------------------+-------+-------+-------++-------
Melee: Unarmed           |     6 |       |       ||     6
       Short sword       |       |       |    12 ||    12
 Cast: Magic Dart        |    48 |   120 |    86 ||   254
       Searing Ray       |     2 |     3 |     2 ||     7
       Iskenderun's Myst |       |     5 |    30 ||    35
       Fulminant Prism   |       |     3 |     9 ||    12
       Conjure Flame     |       |       |     2 ||     2
  Use: Scroll            |       |     6 |     1 ||     7
  Eat: Chunk             |       |     9 |     6 ||    15
       Fruit             |       |     1 |     2 ||     3
       Meat ration       |       |       |     1 ||     1
Armor: Robe              |     2 |     1 |     6 ||     9
Dodge: Dodged            |    12 |    13 |    34 ||    59
